 Dungeon Crawl Stone Soup version 0.29.1-13-g9f3cf754e1 (webtiles) character file.

Game seed: 3821751628752425938

13 Heoruswealwe the Grave Robber (level 2, 0/15 HPs)
             Began as a Deep Elf Necromancer on Feb 10, 2023.
             Was a Plaything of Xom.
             Slain by a hobgoblin (4 damage)
             ... on level 1 of the Dungeon.
             The game lasted 00:06:59 (328 turns).

Heoruswealwe the Grave Robber (Deep Elf Necromancer) Turns: 328, Time: 00:07:02

Health: 0/15       AC:  2    Str:  5    XL:     2   Next: 24%
Magic:  0/8        EV: 12    Int: 19    God:    Xom [..*...]
Gold:   51         SH:  0    Dex: 15    Spells: 6/7 levels left

rFire   . . .      SeeInvis .   (no weapon)
rCold   . . .      Faith    .   (no shield)
rNeg    . . .      Spirit   .   a - +0 robe
rPois   .          Reflect  .   (no helmet)
rElec   .          Harm     .   (no cloak)
rCorr   .          Rampage  .   (no gloves)
Will    .....                   (no boots)
Stlth   ++........              (no amulet)
HPRegen 0.05/turn               (no ring)
MPRegen 0.11/turn               (no ring)

@: no status effects
A: no striking features
a: Renounce Religion


You were on level 1 of the Dungeon.
You worshipped Xom.
You were a toy of Xom.
You visited 1 branch of the dungeon, and saw 1 of its levels.

You collected 51 gold pieces.

Inventory:

Hand Weapons
 h - a +0 club
 i - a +0 whip
 m - a +0 club
Missiles
 f - 7 stones
 p - 4 poisoned darts
Armour
 a - a +0 robe (worn)
 d - a +0 ring mail
 o - a +3 ring mail
Scrolls
 c - a scroll of teleportation {unknown}
 e - a scroll of noise {unknown}
 g - a scroll of blinking {unknown}
 j - a scroll of identify {unknown}
 l - a scroll of enchant weapon {unknown}
 n - a scroll of fear {unknown}
Potions
 b - a potion of magic
 k - a potion of heal wounds {unknown}


   Skills:
 + Level 0.1 Fighting
 + Level 0.0 Short Blades
 + Level 2.4 Dodging
 + Level 2.6 Stealth
 * Level 3.2 Spellcasting
 + Level 0.0 Conjurations
 + Level 0.1 Hexes
 + Level 0.0 Summonings
 * Level 4.9 Necromancy
 + Level 0.0 Translocations
 + Level 0.0 Transmutations
 + Level 0.0 Fire Magic
 + Level 0.3 Ice Magic
 + Level 0.2 Air Magic
 + Level 0.0 Earth Magic
 + Level 0.0 Poison Magic
 + Level 0.0 Invocations
 + Level 0.0 Evocations


You had 6 spell levels left.
You knew the following spells:

 Your Spells              Type           Power      Damage    Failure   Level
a - Necrotise             Necr           84%        1d8       1%          1

Your spell library contained the following spells:

 Spells                   Type           Power      Damage    Failure   Level
 Vampiric Draining        Necr           21%        2d7       6%          3
 Foxfire                  Conj/Fire      12%        2x1d4     14%         1
 Animate Dead             Necr           21%        N/A       19%         4
 Inner Flame              Hex/Fire       3%         N/A       38%         3
 Conjure Flame            Conj/Fire      3%         6-21      41%         3
 Gell's Gravitas          Tloc           3%         N/A       41%         3
 Lesser Beckoning         Tloc           3%         N/A       41%         3
 Teleport Other           Tloc           3%         N/A       41%         3
 Agony                    Necr           21%        N/A       47%         5
 Flame Wave               Conj/Fire      3%         2d5       82%         4


Dungeon Overview and Level Annotations

Branches:
Dungeon (1/15)

Altars:
Xom


Message History

Aim: a hobgoblin (chance to affect: 90%)
The hobgoblin writhes in agony.
Your goblin skeleton hits the endoplasm.
The giant cockroach bites your goblin skeleton.
Your ball python skeleton bites the endoplasm.
The endoplasm dies!
The hobgoblin hits you but does no damage.
The hobgoblin attacks as you move away! The hobgoblin hits you.
* * * LOW HITPOINT WARNING * * *
Your goblin skeleton barely misses the hobgoblin.
The giant cockroach bites your goblin skeleton.
Your goblin skeleton is destroyed!
The giant cockroach bites your ball python skeleton.
Your ball python skeleton bites the giant cockroach but does no damage.
Your ball python skeleton grabs the giant cockroach.
Your ball python skeleton constricts the giant cockroach.
The rat misses you.
The giant cockroach bites your ball python skeleton.
Your ball python skeleton barely misses the giant cockroach.
Your ball python skeleton constricts the giant cockroach.
You see here a scroll labelled JEMUXIATAE.
The giant cockroach struggles to escape constriction.
The hobgoblin barely misses you.
The giant cockroach struggles to escape constriction.
Your ball python skeleton bites the giant cockroach.
Your ball python skeleton constricts the giant cockroach.
The giant cockroach struggles to escape constriction.
Your ball python skeleton bites the giant cockroach but does no damage.
Your ball python skeleton constricts the giant cockroach.
The giant cockroach escapes!
Casting: Necrotise (safe; 1% risk of failure)
Confirm with . or Enter, or press ? or * to list all spells.
Aiming: Necrotise (safe; 1% risk of failure)
Press: ? - help, Shift-Dir - straight line, f/p - hobgoblin
Aim: a hobgoblin (lightly wounded, chance to affect: 90%)
The hobgoblin writhes in agony.
The giant cockroach bites you but does no damage.
The hobgoblin hits you.
You die... "It's not fun and games unless someone loses an eye."

###########
########.........#
#.....##.#######.#
#.....##.# # #.#
#?.)..##.# .####.###
#...Z)##.#....##....
#.rgB.....# #####
#..@......+
####......# #.
.......>..... ...
..........#.## ##.
#.......#.##.#
###.....#... . .
.......#### .. ..
.......# #


You could see a giant cockroach (ally target), a hobgoblin, a rat and a friendly
ball python skeleton.

Vanquished Creatures
  2 endoplasms (D:1)
  2 hobgoblins (D:1)
  A ball python (D:1)
  A frilled lizard (D:1)
  3 goblins (D:1)
  A rat (D:1)
10 creatures vanquished.

Vanquished Creatures (collateral kills)
  2 endoplasms (D:1)
2 creatures vanquished.

Grand Total: 12 creatures vanquished

Notes
Turn   | Place    | Note
-------+----------+-------------------------------------------
     0 | D:1      | Heoruswealwe the Deep Elf Necromancer began the quest for
                  | the Orb.
     0 | D:1      | Reached XP level 1. HP: 10/10 MP: 6/6
   106 | D:1      | Found a faded altar of an unknown god.
   153 | D:1      | Prayed at the altar of an unknown god.
   153 | D:1      | Became a worshipper of Xom of Chaos
   195 | D:1      | Reached XP level 2. HP: 15/15 MP: 1/8
   328 | D:1      | Slain by a hobgoblin

Illustrated notes

Levels and vault maps discovered:
D:1:      lemuel_arrival_lava_pool, layout_basic,
          shapermc_ecumenical_altar_mp_ritualfount

Action                   || total
-------------------------++-------
 Cast: Necrotise         ||    19
Armor: Robe              ||     4
Dodge: Dodged            ||     7
